 Dungeon Crawl Stone Soup version 0.19.5 (webtiles) character file.

202 wolfsongas the Covered (level 5, -5/41 HPs)
             Began as a Demonspawn Fighter on May 3, 2017.
             Slain by an ogre
             ... wielding a cursed -1 giant club
              (8 damage)
             ... on level 4 of the Dungeon.
             The game lasted 00:07:42 (3278 turns).

wolfsongas the Covered (Demonspawn Fighter)         Turns: 3278, Time: 00:07:43

Health: -5/41      AC:  7    Str: 16    XL:     5   Next: 50%
Magic:  5/5        EV:  8    Int:  9    God:
Gold:   143        SH:  9    Dex: 14    Spells: 0 memorised, 4 levels left

rFire  . . .     SeeInvis .     a - +0 flail
rCold  . . .     Gourm    .     p - +3 leather armour
rNeg   . . .     Faith    .     c - +0 shield
rPois  .         Spirit   .     (helmet restricted)
rElec  .         Reflect  .     (no cloak)
rCorr  .         Harm     .     j - +0 pair of gloves
MR     .....                    (no boots)
Stlth  ++........               (no amulet)
                                (no ring)
                                (no ring)

@: no status effects
A: horns 1, camouflage 1, powered by pain 1, sturdy frame 1
a: no special abilities


You were on level 4 of the Dungeon.
You were not hungry.

You visited 1 branch of the dungeon, and saw 4 of its levels.

You collected 143 gold pieces.

Inventory:

Hand Weapons
 a - a +0 flail (weapon)
 g - a +1 hunting sling of flaming
 n - a cursed -2 mace
Armour
 b - a +0 scale mail
 c - a +0 shield (worn)
 j - a +0 pair of gloves (worn)
 p - a +3 leather armour (worn)
Jewellery
 k - an uncursed amulet of faith
 m - an uncursed amulet of rage
Scrolls
 e - a scroll of fear
 f - a scroll of identify
Potions
 d - a potion of might
Comestibles
 h - 2 slices of pizza
 i - 2 meat rations
 l - a beef jerky
 o - 2 bread rations


   Skills:
 + Level 3.6 Fighting
 * Level 3.7 Maces & Flails
 + Level 3.7 Armour
 + Level 3.2 Shields


You had 4 spell levels left.
You didn't know any spells.

Dungeon Overview and Level Annotations

Branches:
Dungeon (4/15)
 Temple: D:4-7

Altars:
Trog


Innate Abilities, Weirdness & Mutations

You have a pair of small horns on your head.
You sometimes gain a little power by taking damage.
Your movements are slightly less encumbered by armour. (ER -2)
Your skin changes colour to match your surroundings (Stealth+).


Message History

The ogre is moderately wounded.
The gnoll closely misses you. The ogre hits you with a giant club!!
Ouch! That really hurt!
* * * LOW HITPOINT WARNING * * *
You are too injured to fight recklessly!
You are too injured to fight recklessly!
You are too injured to fight recklessly!
You are too injured to fight recklessly!
You are too injured to fight recklessly!
You hit the gnoll.
The gnoll is heavily wounded.
The gnoll hits you but does no damage. You block the ogre's attack.
You closely miss the gnoll. Your headbutt misses the gnoll.
The gnoll is heavily wounded.
You block the gnoll's attack. The ogre hits you with a giant club!
* * * LOW HITPOINT WARNING * * *
You hit the gnoll. You headbutt the gnoll.
You kill the gnoll!
The ogre hits you with a giant club!
You die...

...........#
...........#
.......%...#
...........#
...........#
...........#
#.....O)†.#
.......@##
.####....###
####...#####
###...#.####
###......#
#####
##......#
#...#
##.......#
###.#
#........##
#.#
#.........#


You could see an ogre.

Vanquished Creatures
  7 adders
  3 gnolls (D:4)
  2 oozes (D:1)
  4 worms
  2 dart slugs
  2 leopard geckos (D:3)
  7 orcs
  2 giant cockroaches (D:3)
  9 goblins
  5 hobgoblins
  8 jackals
  12 kobolds
  5 bats
  4 frilled lizards
  5 rats
77 creatures vanquished.

Notes
Turn   | Place    | Note
-------+----------+-------------------------------------------
     0 | D:1      | wolfsongas the Demonspawn Fighter began the quest for the Orb.
     0 | D:1      | Reached XP level 1. HP: 18/18 MP: 1/1
    42 | D:1      | Gained mutation: You have a pair of small horns on your head. [demonic ancestry]
    42 | D:1      | Reached XP level 2. HP: 18/24 MP: 2/2
   385 | D:1      | Reached XP level 3. HP: 29/29 MP: 3/3
  1013 | D:2      | Found a bloodstained altar of Trog.
  1350 | D:2      | Gained mutation: You expend magic power (3 MP) to strengthen your wands. [potion of mutation]
  1350 | D:2      | Gained mutation: You occasionally shout uncontrollably at your foes. [potion of mutation]
  1350 | D:2      | Gained mutation: You are clumsy. (Dex -2) [potion of mutation]
  1372 | D:2      | Gained mutation: Your movements are slightly less encumbered by armour. (ER -2) [demonic ancestry]
  1372 | D:2      | Reached XP level 4. HP: 33/35 MP: 4/4
  1375 | D:2      | Gained mutation: Your skin changes colour to match your surroundings (Stealth+). [potion of beneficial mutation]
  2621 | D:3      | Gained mutation: You sometimes gain a little power by taking damage. [demonic ancestry]
  2621 | D:3      | Reached XP level 5. HP: 31/41 MP: 5/5
  3239 | D:4      | Lost mutation: You are clumsy. (Dex -2) [potion of cure mutation]
  3239 | D:4      | Lost mutation: You expend magic power (3 MP) to strengthen your wands. [potion of cure mutation]
  3239 | D:4      | Lost mutation: You occasionally shout uncontrollably at your foes. [potion of cure mutation]
  3267 | D:4      | Noticed an ogre
  3278 | D:4      | Slain by an ogre

Skill      XL: |  1  2  3  4 |
---------------+-------------+-----
Maces & Flails | 2 3 |  3.7
Armour         | 3 |  3.7
Shields        | 3 |  3.2
Fighting       | |  3.6

Action                   |  1- 3 |  4- 6 || total
-------------------------+-------+-------++-------
Melee: Flail             |    91 |   172 ||   263
       Headbutt          |    13 |    27 ||    40
  Use: Scroll            |     4 |     6 ||    10
       Potion            |     2 |     3 ||     5
 Stab: Sleeping          |       |     2 ||     2
  Eat: Bread ration      |     1 |     1 ||     2
Armor: Scale mail        |    35 |    64 ||    99
       Leather armour    |       |     1 ||     1
Dodge: Dodged            |    25 |    54 ||    79
Block: Shield            |    32 |    90 ||   122
